 Dungeon Sprint DCSS version 0.29-a0-802-g34511f41fd (webtiles) character file.

Game seed: 5488039592491684846

2674 Hipnos the Basher (level 9, 0/91 HPs)
             Began as a Troll Berserker on July 3, 2022.
             Was an Elder of Trog.
             Slain by a death drake (2 damage)
             ... in the Dungeon (Sprint II: "The Violet Keep of Menkaure").
             The game lasted 00:09:42 (734 turns).

Hipnos the Basher (Troll Berserker)                  Turns: 734, Time: 00:09:42

Health: 0/91       AC:  7    Str: 31    XL:     9   Next: 37%
Magic:  8/8        EV: 12    Int:  3    God:    Trog [****..]
Gold:   611        SH:  0    Dex:  8    Spells: 8/8 levels left

rFire   . . .      SeeInvis .   c - +0 mace (vorpal)
rCold   . . .      Faith    .   (no shield)
rNeg    . . .      Spirit   .   j - +2 robe {Will+}
rPois   .          Reflect  .   m - +2 hat "Qaemeov" {Harm Str+2 Dex+3}
rElec   .          Harm     +   i - scarf {harm}
rCorr   .          Rampage  .   (gloves unavailable)
Will    ++++.      NoTele   +   (boots unavailable)
Stlth   +.........              (no amulet)
HPRegen 2.05/turn               n - ring of willpower
MPRegen 0.11/turn               (no ring)

@: lethally poisoned (0 -> -42), strong-willed, regenerating, studying Dodging
A: large, unfitting armour, claws 3, regeneration 1, shaggy fur 1, tough skin 1,
clumsy 2, deformed body, frail 1, weak 1
a: Renounce Religion, Berserk, Trog's Hand, Brothers in Arms


You were in the Dungeon.
You worshipped Trog.
Trog was greatly pleased with you.
You visited 1 branch You collected 1260 gold pieces.
You spent 649 gold pieces at shops.

Inventory:

Hand Weapons
 a - a +0 mace
 c - a +0 vorpal mace (weapon)
Armour
 b - a +0 animal skin
 i - a scarf of harm (worn)
 j - a +2 robe of willpower (worn)
 m - the +2 hat "Qaemeov" (worn) {Harm Str+2 Dex+3}
   (You acquired it in the Dungeon)

   Str:       It affects your strength (+2).
   Dex:       It affects your dexterity (+3).
   Harm:      It increases damage dealt and taken.
Jewellery
 n - a ring of willpower (left claw)
 t - a ring of fire
Scrolls
 h - a scroll of blinking
 p - 3 scrolls of fog
 r - a scroll of enchant weapon
 s - a scroll of immolation
 v - a scroll of fear
 w - a scroll of vulnerability {unknown}
 x - a scroll of magic mapping {unknown}
Potions
 d - 4 potions of heal wounds
 e - a potion of haste
 f - 5 potions of magic
 g - a potion of berserk rage
 k - 3 potions of flight {unknown}
 l - a potion of brilliance {unknown}
 q - 4 potions of resistance
 u - a potion of cancellation {unknown}


   Skills:
 + Level 10.9 Fighting
 + Level 12.6 Maces & Flails
 + Level 10.3 Dodging
 + Level 1.1 Stealth


You had 8 spell levels left.
You didn't know any spells.
Your spell library was empty.

Dungeon Overview and Level Annotations

Branches:
Dungeon (1/1)

Altars:
Cheibriados
Dithmenos
Elyvilon
Hepliaklqana
Kikubaaqudgha
Makhleb
Qazlal
Ru
Sif Muna
Trog
Uskayaw
Vehumet
Wu Jian
Xom
Yredelemnul
Zin
The Shining One
Jiyva
Lugonu

Shops:
D =::[(![?!:=:[?=

Annotations:
D exclusion: oklob plant, Roxanne


Innate Abilities, Weirdness & Mutations

You are too large for most types of armour.
You have claws for hands.
Your natural rate of healing is unusually fast.
You are covered in fur. (AC +1)
You have tough skin. (AC +1)
You are very clumsy. (Dex -4)
Armour fits poorly on your strangely shaped body.
You are frail. (-10% HP)
You are weak. (Str -2)


Message History

Moving in this stuff is going to be slow.
A swamp drake comes into view.
The swamp drake moves out of view.
You enter the shallow water.
Moving in this stuff is going to be slow.
You see here a polar bear skeleton.
You see here a +0 arbalest.
You start waiting.
The death drake bites you.
You hit the death drake but do no damage.
You sock the death drake!
The death drake is lightly wounded.
The death drake bites you. The death drake breathes miasma at you.
The foul vapour misses you.
You miss the death drake.
The death drake is lightly wounded.
You are engulfed in dark miasma.
You are poisoned.
You feel very sick.
You closely miss the death drake.
The death drake is lightly wounded.
You are engulfed in dark miasma.
You are more poisoned.
You feel very sick. The death drake breathes miasma at you.
The foul vapour engulfs you!
You are more poisoned.
Your skin crawls.
You feel strong-willed.
You are engulfed in dark miasma.
You are lethally poisoned!
* * * LOW HITPOINT WARNING * * *
You feel extremely sick. The death drake barely misses you.
The death drake bites you.
* * * LOW HITPOINT WARNING * * *
You fail to use your ability.
You are engulfed in dark miasma.
You are more poisoned.
* * * LOW HITPOINT WARNING * * *
x2 You feel extremely sick.
The death drake bites you.
You die...

S≈≈ #○..▓≈§≈≈§§≈§▓▓ #+++##
#):▓▓▓▓▓▓▓▓▓▓▓ .....# ^.
k#)}▓...)...[▓▓ +##..# #.
k#[°▓..:.....▓▓ #.##.####
+.##.#))▓....:)).▓▓ ##.#....#
..k####▓....[...▓▓ ..####..##
#..##.#▓(...)...▓▓ '###.##..#
+..#..#▓[..[()(.▓▓ .##...#..#
#..#@.#▓(.[...[.▓▓
<.'##.+..####..##k#▓..:.))(.▓▓
.##...#..§.###..÷##▓▓▓▓▓▓▓'▓▓▓▓+▓
†###.##......≈÷≈≈≈≈≈≈≈≈≈≈≈..wXw≈▓
#.####≈≈....§≈#+########+###.≈w≈▓
##.#≈≈≈≈≈≈≈.§≈#._._._..#§§≈ #≈≈≈▓
#.##§≈§≈≈≈≈≈.≈#.._._._.#≈§§≈####▓
+##≈≈§§≈§≈≈≈§≈#._._._._#≈§§≈≈# §
≈§§§§≈§≈≈≈≈≈#_._._._.#≈≈≈§≈≈


You could see a death drake.

Vanquished Creatures
  A blink frog (D)
  2 wyverns (D)
  4 neqoxecs (D)
  A water moccasin (D)
  4 necrophages (D)
  4 scorpions (D)
16 creatures vanquished.

Vanquished Creatures (collateral kills)
  A yaktaur (D)
  3 polar bears (D)
  A hornet (D)
  A water moccasin (D)
  4 tentacles (D)
10 creatures vanquished.

Vanquished Creatures (others)
  Menkaure (D)
  4 tentacles (D)
5 creatures vanquished.

Grand Total: 31 creatures vanquished

Notes
Turn   | Place    | Note
-------+----------+-------------------------------------------
     0 | D        | Hipnos the Troll Berserker began the quest for the Orb.
     0 | D        | Reached XP level 1. HP: 22/22 MP: 0/0
     1 | D        | Noticed a scorpion
     1 | D        | Noticed a scorpion
     4 | D        | Killed a scorpion
     5 | D        | Reached skill level 4 in Maces & Flails
     5 | D        | Reached XP level 2. HP: 32/32 MP: 1/1
     5 | D        | Reached XP level 3. HP: 39/39 MP: 2/2
     8 | D        | Killed a scorpion
     9 | D        | Reached skill level 5 in Maces & Flails
     9 | D        | Reached skill level 5 in Dodging
     9 | D        | Reached XP level 4. HP: 49/49 MP: 3/3
    10 | D        | Noticed a scorpion
    10 | D        | Noticed a scorpion
    21 | D        | Killed a scorpion
    21 | D        | Reached ** piety under Trog
    22 | D        | Reached skill level 5 in Fighting
    22 | D        | Reached skill level 6 in Maces & Flails
    22 | D        | Reached XP level 5. HP: 29/57 MP: 4/4
    31 | D        | Reached skill level 7 in Maces & Flails
    81 | D        | Noticed a neqoxec
    81 | D        | Noticed a neqoxec
    81 | D        | Noticed a neqoxec
    81 | D        | Noticed a neqoxec
    89 | D        | Killed a neqoxec
    90 | D        | Reached skill level 8 in Maces & Flails
    90 | D        | Reached XP level 6. HP: 68/68 MP: 5/5
    94 | D        | Killed a neqoxec
   100 | D        | Gained mutation: You are clumsy. (Dex -2) [a neqoxec]
   103 | D        | Killed Menkaure
   105 | D        | Gained mutation: Armour fits poorly on your strangely
                  | shaped body. [a neqoxec]
   109 | D        | Lost intelligence.
   111 | D        | Killed a neqoxec
   111 | D        | Reached *** piety under Trog
   112 | D        | Reached skill level 9 in Maces & Flails
   112 | D        | Reached XP level 7. HP: 33/79 MP: 6/6
   119 | D        | Gained mutation: You are weak. (Str -2) [a neqoxec]
   125 | D        | Gained mutation: You are frail. (-10% HP) [a neqoxec]
   125 | D        | Gained mutation: You are very clumsy. (Dex -4) [a neqoxec]
   126 | D        | Killed a neqoxec
   170 | D        | Noticed a wyvern
   170 | D        | Noticed a wyvern
   179 | D        | Killed a wyvern
   180 | D        | Reached skill level 10 in Maces & Flails
   183 | D        | Killed a wyvern
   184 | D        | Reached XP level 8. HP: 43/81 MP: 7/7
   229 | D        | Identified Roxanne's Handbook of Earth
   229 | D        | Noticed Roxanne
   247 | D        | Reached **** piety under Trog
   274 | D        | Found Viof's Jewellery Emporium.
   274 | D        | Found Liphec's Book Shoppe.
   274 | D        | Found Nynakkaziu's Magic Scroll Shoppe.
   274 | D        | Found Qonucrekusm's Jewellery Emporium.
   275 | D        | Found Yhiddog's Armour Emporium.
   275 | D        | Found Sowkiamiro's Book Shoppe.
   275 | D        | Found Larun's Distillery.
   275 | D        | Found Xuscha Mecuh's Magic Scroll Shoppe.
   276 | D        | Found Vuixkic's Antique Armour Emporium.
   276 | D        | Found Lihi's Distillery.
   276 | D        | Found Zobec's Antique Weapon Shoppe.
   276 | D        | Noticed a shining eye
   278 | D        | Found Hoadixev's Antique Armour Shoppe.
   278 | D        | Found Quvughap's Book Emporium.
   278 | D        | Noticed a shining eye
   278 | D        | Noticed a shining eye
   278 | D        | Noticed an oklob plant
   293 | D        | Reached skill level 11 in Maces & Flails
   295 | D        | Found Hicvon's Jewellery Shoppe.
   295 | D        | Found Nuqui's Book Shoppe.
   313 | D        | Bought a glowing mace for 156 gold pieces
   317 | D        | Bought a potion of heal wounds for 50 gold pieces
   320 | D        | Bought a potion of heal wounds for 50 gold pieces
   320 | D        | Noticed a fire dragon
   324 | D        | Bought a glowing scarf for 208 gold pieces
   330 | D        | Bought a glowing robe for 85 gold pieces
   341 | D        | Bought 2 potions of heal wounds for 100 gold pieces
   352 | D        | Noticed a blink frog
   381 | D        | Killed a blink frog
   442 | D        | Found a glowing silver altar of Zin.
   443 | D        | Found a glowing golden altar of the Shining One.
   443 | D        | Found a basalt altar of Yredelemnul.
   443 | D        | Found a hide-covered altar of Uskayaw.
   444 | D        | Found a shimmering altar of Xom.
   444 | D        | Found a bloodstained altar of Trog.
   445 | D        | Found an ornate altar of the Wu Jian Council.
   445 | D        | Found a shimmering blue altar of Sif Muna.
   445 | D        | Found a corrupted altar of Lugonu.
   445 | D        | Found a radiant altar of Vehumet.
   445 | D        | Found a burning altar of Makhleb.
   446 | D        | Found a sacrificial altar of Ru.
   446 | D        | Found an ancient bone altar of Kikubaaqudgha.
   446 | D        | Found a white marble altar of Elyvilon.
   447 | D        | Found a stormy altar of Qazlal.
   447 | D        | Found a viscous altar of Jiyva.
   447 | D        | Found a shadowy altar of Dithmenos.
   448 | D        | Found a hazy altar of Hepliaklqana.
   448 | D        | Found a snail-covered altar of Cheibriados.
   449 | D        | Noticed a polar bear
   449 | D        | Noticed a polar bear
   449 | D        | Noticed a hornet
   451 | D        | Noticed a yaktaur
   454 | D        | Killed a polar bear
   456 | D        | Reached skill level 10 in Fighting
   458 | D        | Killed a polar bear
   459 | D        | Reached XP level 9. HP: 59/90 MP: 8/8
   459 | D        | Noticed a polar bear
   460 | D        | Killed a yaktaur
   460 | D        | Reached ***** piety under Trog
   460 | D        | Killed a polar bear
   461 | D        | Reached skill level 12 in Maces & Flails
   461 | D        | Reached skill level 10 in Dodging
   461 | D        | Reached skill level 1 in Stealth
   556 | D        | Noticed a kraken
   577 | D        | Found the +7 Spriggan's Knife {stab, EV+4 Stlth+}
   674 | D        | Identified 2 scrolls of acquirement
   685 | D        | Acquired the +2 hat "Qaemeov" {Harm Str+2 Dex+3}
   693 | D        | Acquired a manual of Dodging
   718 | D        | Noticed a death drake
   734 | D        | HP: 2/91 [poisoned by a death drake (dark miasma)]
   734 | D        | Slain by a death drake

Illustrated notes

Levels and vault maps discovered:
D:        the_violet_keep_of_menkaure [sprint2_stairs_cluster_1,
          sprint2_shoproom, sprint2_temple, sprint2_basic_supplies,
          sprint2_obstacle_6, sprint2_obstacle_2, sprint2_obstacle_7,
          sprint2_obstacle_3, sprint2_obstacle_4, sprint2_timed_cluster_1,
          sprint2_smallroom_cluster_1, sprint2_smallroom_final_cluster_1,
          sprint2_transparent_cluster_1, sprint2_second_timed_cluster_1,
          sprint2_sniper_area_1, sprint2_heavy_combat_area_1,
          sprint2_mutation_trap_area_1, sprint2_forest_area_1,
          sprint2_light_combat_area_1, sprint2_behind_water_1,
          sprint2_near_end_vault_1]

Skill      XL: |  1  2  3  4  5  6  7  8  9 |
---------------+----------------------------+-----
Fighting       | 4 5 6 7 8 10 | 10.9
Maces & Flails | 4 5 6 8 9 10 11 12 | 12.6
Dodging        | 4 5 7 8 9 10 | 10.3
Stealth        | 1 |  1.1

Action                   |  1- 3 |  4- 6 |  7- 9 || total
-------------------------+-------+-------+-------++-------
Melee: Mace              |     6 |    43 |    77 ||   126
       Punch             |       |     1 |     1 ||     2
Invok: Berserk           |     1 |     1 |     3 ||     5
       Trog's Hand       |       |     1 |     3 ||     4
       Brothers in Arms  |       |       |     2 ||     2
  Use: Potion            |       |     2 |       ||     2
       Scroll            |       |       |     8 ||     8
Armor: Animal skin       |     1 |     7 |     5 ||    13
       Robe              |       |       |     5 ||     5
Dodge: Dodged            |     1 |    14 |    45 ||    60

Table legend: (Time is in decaauts)
 A = Elapsed time spent in this place.
 B = Non-inter-level travel time spent in this place.
 C = Inter-level travel time spent in this place.
 D = Time resting spent in this place.
 E = Time spent auto-exploring this place.
 F = Levels seen in this place.
 G = Mean time per level.
                   A        B        C        D        E       F      G
               +--------+--------+--------+--------+--------+-----+--------+
         Total |    801 |    801 |      0 |    254 |      0 |   1 |  801.0 |
       Dungeon |    801 |    801 |      0 |    254 |      0 |   1 |  801.0 |
               +--------+--------+--------+--------+--------+-----+--------+

Top non-repeatable levels by time:
       D: 801 daAuts
